 Dungeon Crawl Stone Soup version 0.31-a0-7-g51783674b7 (console) character file.

Game seed: 9976999316220650464

0 om the Caller (level 1, 0/10 HPs)
             Began as a Deep Elf Summoner on May 5, 2023.
             Slain by a quokka (4 damage)
             ... on level 1 of the Dungeon.
             The game lasted 00:00:55 (55 turns).

om the Caller (Deep Elf Summoner)                     Turns: 55, Time: 00:00:56

Health: 0/10       AC:  2    Str:  5    XL:     1   Next: 8%
Magic:  3/6        EV: 12    Int: 19    God:
Gold:   0          SH:  0    Dex: 15    Spells: 5/6 levels left

rFire   . . .        (no weapon)
rCold   . . .        (no shield)
rNeg    . . .        a - +0 robe
rPois   .            (no helmet)
rElec   .            (no cloak)
rCorr   .            (no gloves)
SInv    .            (no boots)
Will    .....        (no amulet)
Stlth   ++           (no ring)
HPRegen 0.21/turn    (no ring)
MPRegen 0.10/turn

%: no passive effects
@: no status effects
A: no striking features
a: no special abilities


You were on level 1 of the Dungeon.
You visited 1 branch of the dungeon, and saw 1 of its levels.

Inventory:

Armour
 a - a +0 robe (worn)
Potions
 b - a potion of magic


   Skills:
 + Level 2.4 Dodging
 + Level 2.4 Stealth
 + Level 3.0 Spellcasting
 * Level 4.4 Summonings


You had 5 spell levels left.
You knew the following spells:

 Your Spells              Type           Power      Damage    Failure   Level
a - Summon Small Mammal   Summ           76%        N/A       2%          1

Your spell library contained the following spells:

 Spells                   Type           Power      Damage    Failure   Level
 Call Imp                 Summ           38%        N/A       3%          2
 Call Canine Familiar     Summ           19%        N/A       8%          3
 Summon Guardian Golem    Hex/Summ       11%        N/A       19%         3
 Summon Lightning Spire   Summ/Air       11%        N/A       52%         4


Dungeon Overview and Level Annotations

Branches:
Dungeon (1/15)

Altars:


Message History

What are your orders? t - Shout!
Orders for allies: a - Attack new target. r - Retreat! s - Stop attacking. g - Guard the area. f - Follow me.
Anything else - Cancel.
Gang up on whom?
Press: ? - help, Dir - move target, f - quokka
Aim: a quokka (heavily wounded, ally target) Attack!
Your rat closely misses the quokka.
You swap places.
Your bat misses the quokka. The quokka bites your bat.
Your bat dies!
Your bat's corpse disappears in a puff of smoke!
Your rat closely misses the quokka.
Your rat barely misses the quokka.
Your magical contamination has completely faded away.
The quokka attacks as you move away! The quokka closely misses you.
There is an open door here.
The quokka barely misses you.
Your rat closely misses the quokka.
Your bat closely misses the quokka.
The quokka bites you.
You hit the quokka.
The quokka is severely wounded.
Your bat hits the quokka. The quokka barely misses you.
Your rat misses the quokka.
Your bat closely misses the quokka.
You hit the quokka but do no damage. You punch the quokka, but do no damage.
The quokka is almost dead.
Your bat closely misses the quokka.
The quokka bites you.
Your rat closely misses the quokka.
You barely miss the quokka.
The quokka is almost dead.
Your bat hits the quokka but does no damage.
Your bat barely misses the quokka.
The quokka barely misses your bat.
Your rat bites the quokka but does no damage.
Your bat hits the quokka but does no damage.
You closely miss the quokka.
The quokka is almost dead.
Your bat closely misses the quokka.
The quokka bites you.
Your rat bites the quokka but does no damage.
The quokka attacks as you move away! The quokka bites you.
You die...

### ... ##.#
#..#
#..########
#..##@....#
#..rr..<..#
##..##b....#
+...########
##..#
#.........
#.⌠.......
#...######
#...#


You could see a quokka (ally target), a friendly bat (summoned) and a friendly
rat (summoned).

Vanquished Creatures (collateral kills)
  A frilled lizard (D:1)
1 creature vanquished.

Notes
Turn   | Place    | Note
-------+----------+-------------------------------------------
     0 | D:1      | om the Deep Elf Summoner began the quest for the Orb.
     0 | D:1      | Reached XP level 1. HP: 10/10 MP: 6/6
    55 | D:1      | Slain by a quokka

Illustrated notes

Levels and vault maps discovered:
D:1:      dpeg_arrival_rooms_a, layout_basic

Action                     || total
---------------------------++-------
  Melee: Unarmed           ||     4
         Punch             ||     1
   Cast: Summon Small Mamm ||     6
  Dodge: Dodged            ||     3

Table legend: (Time is in decaauts)
 A = Elapsed time spent in this place.
 B = Non-inter-level travel time spent in this place.
 C = Inter-level travel time spent in this place.
 D = Time resting spent in this place.
 E = Time spent auto-exploring this place.
 F = Levels seen in this place.
 G = Mean time per level.
                   A        B        C        D        E       F      G
               +--------+--------+--------+--------+--------+-----+--------+
         Total |     55 |     55 |      0 |      0 |     20 |   1 |   55.0 |
       Dungeon |     55 |     55 |      0 |      0 |     20 |   1 |   55.0 |
               +--------+--------+--------+--------+--------+-----+--------+

Top non-repeatable levels by time:
     D:1: 55 daAuts
